 Dungeon Crawl Stone Soup version 0.24.1-14-gf8d2b509d9 (console) character file.

Game seed: 8178986972949615335, levelgen mode: deterministic

10117 Kagalorn the Fighter (level 11, -2/92 HPs)
             Began as a Gnoll Wanderer on Mar 27, 2023.
             Was a Follower of Ashenzari.
             Slain by a five-headed hydra (7 damage)
             ... on level 11 of the Dungeon.
             The game lasted 00:26:14 (9099 turns).

Kagalorn the Fighter (Gnoll Wanderer)               Turns: 9099, Time: 00:26:15

Health: -2/92      AC: 21    Str: 20    XL:     11   Next: 57%
Magic:  20/20      EV: 11    Int: 12    God:    Ashenzari [*.....]
Gold:   470        SH:  0    Dex: 15    Spells: 22/22 levels left

rFire    . . .     SeeInvis .   l - +1 morningstar
rCold    + . .     Gourm    .   (no shield)
rNeg     . . .     Faith    .   j - +1 chain mail "Umomeluol" {rC+}
rPois    .         Spirit   .   o - +0 helmet (curse)
rElec    .         Reflect  .   (no cloak)
rCorr    .         Harm     .   u - +0 pair of gloves (curse)
MR       .....                  g - +0 pair of boots (curse)
Stlth    ..........             (no amulet)
HPRegen  0.25/turn              F - +5 ring of protection
MPRegen  0.17/turn              r - +3 ring of slaying (curse)

@: no status effects
A: distributed training, fangs 1, strong nose
a: Curse Item, Scrying, Renounce Religion


You were on level 11 of the Dungeon.
You worshipped Ashenzari.
Ashenzari was aware of your devotion.
You were hungry.

You visited 2 branches of the dungeon, and saw 12 of its levels.

You collected 566 gold pieces.
You spent 96 gold pieces at shops.

Inventory:

Hand Weapons
 a - the +9 battleaxe of Gehenna {chop, rF+}
   (You found it on level 7 of the Dungeon)

   It inflicts extra damage upon your enemies.
   It protects you from fire.
 b - a +0 shortbow
 l - a +1 morningstar (weapon)
Missiles
 d - 192 arrows
 y - 174 bolts
Armour
 g - a cursed +0 pair of boots (worn)
 j - the +1 chain mail "Umomeluol" (worn) {rC+}
   (You found it on level 7 of the Dungeon)

   It protects you from cold.
 o - a cursed +0 helmet (worn)
 u - a cursed +0 pair of gloves (worn)
 C - the +3 leather armour "Yreh" {rC+ rN+ rCorr Stlth+}
   (You found it on level 7 of the Dungeon)

   It protects you from cold.
   It protects you from negative energy.
   It provides partial protection from all sources of acid and corrosion.
   It makes you more stealthy.
Jewellery
 r - a cursed +3 ring of slaying (right hand)
 t - an uncursed ring of protection from fire
 w - an uncursed amulet of magic regeneration
 x - an uncursed ring of poison resistance
 F - a +5 ring of protection (left hand)
Wands
 c - a wand of random effects (12)
 D - a wand of iceblast (9)
 E - a wand of paralysis (10)
 H - a wand of flame (18)
Scrolls
 e - 2 scrolls of fog
 h - 4 scrolls of teleportation
 i - 3 scrolls of amnesia
 p - 2 scrolls of remove curse
 q - a scroll of enchant armour
 v - 2 scrolls of enchant weapon
 G - a scroll of fear
Potions
 k - 3 potions of heal wounds
 m - 3 potions of lignification
 n - 3 potions of curing
 s - 5 potions of flight
 z - 2 potions of might
 A - 2 potions of agility
 B - a potion of brilliance
 I - a potion of invisibility
Comestibles
 f - 16 rations


   Skills:
 + Level 10.5 Fighting
 + Level 6.3 Short Blades
 + Level 6.3 Long Blades
 + Level 6.3 Axes
 + Level 6.3 Maces & Flails
 + Level 6.3 Polearms
 + Level 6.3 Staves
 + Level 6.3 Slings
 + Level 6.9 Bows
 + Level 6.3 Crossbows
 + Level 6.9 Throwing
 + Level 9.2 Armour
 + Level 6.3 Dodging
 + Level 6.8 Stealth
 + Level 6.3 Shields
 + Level 6.3 Unarmed Combat
 + Level 6.3 Spellcasting
 + Level 5.2 Conjurations
 + Level 5.2 Hexes
 + Level 5.2 Charms
 + Level 5.2 Summonings
 + Level 5.2 Necromancy
 + Level 5.2 Translocations
 + Level 5.2 Transmutations
 + Level 5.2 Fire Magic
 + Level 5.2 Ice Magic
 + Level 5.2 Air Magic
 + Level 5.2 Earth Magic
 + Level 5.2 Poison Magic
 + Level 6.9 Invocations
 + Level 6.3 Evocations


You had 22 spell levels left.
You didn't know any spells.
Your spell library contained the following spells:

 Spells                   Type           Power        Failure   Level  Hunger
 Confusing Touch          Hex            ###...       16%         1    None
 Corona                   Hex            ###....      16%         1    None
 Sting                    Conj/Pois      ###.         16%         1    None
 Summon Small Mammal      Summ           ###.         16%         1    None
 Call Imp                 Summ           ###.....     24%         2    ##.....
 Ensorcelled Hibernation  Hex/Ice        ###...       24%         2    ##.....
 Poisonous Vapours        Pois/Air       ###...       24%         2    ##.....
 Slow                     Hex            ###.....     24%         2    ##.....
 Call Canine Familiar     Summ           ###.....     43%         3    ###....
 Confuse                  Hex            ###.....     43%         3    ###....
 Dazzling Spray           Conj/Hex       ###...       43%         3    ###....
 Gell's Gravitas          Tloc           ###.......   43%         3    ###....
 Inner Flame              Hex/Fire       ###.....     43%         3    ###....
 Mephitic Cloud           Conj/Pois/Air  ###.....     43%         3    ###....
 Portal Projectile        Hex/Tloc       ###...       43%         3    ###....
 Summon Guardian Golem    Hex/Summ       ###.....     43%         3    ###....
 Tukima's Dance           Hex            ###.....     43%         3    ###....
 Cause Fear               Hex            ###.......   83%         4    ####...
 Leda's Liquefaction      Hex/Erth       ###.......   83%         4    ####...
 Olgreb's Toxic Radiance  Pois           ###.....     83%         4    ####...
 Petrify                  Tmut/Erth      ###.....     83%         4    ####...
 Summon Ice Beast         Ice/Summ       ###.....     83%         4    ####...
 Summon Lightning Spire   Summ/Air       ###.....     83%         4    ####...
 Metabolic Englaciation   Hex/Ice        ###.......   99%         5    ######.
 Venom Bolt               Conj/Pois      ###.......   99%         5    ######.
 Yara's Violent Unravell  Hex/Tmut       ###.......   99%         5    ######.


Dungeon Overview and Level Annotations

Branches:
Dungeon (11/15)            Temple (1/1) D:6            Lair (0/6) D:10
    Orc (0/2) D:9

Altars:
Ashenzari
Cheibriados
Dithmenos
Elyvilon
Fedhas
Gozag
Hepliaklqana
Kikubaaqudgha
Makhleb
Nemelex Xobeh
Okawaru
Qazlal
Ru
Sif Muna
Trog
Uskayaw
Vehumet
Wu Jian
Xom
Yredelemnul
Zin
The Shining One
Beogh

Shops:
D:5 *   D:7 (=   D:8 *   D:10 (

Annotations:
D:5 1 runed translucent door, Xye's ghost, novice GrEE
D:7 3 runed translucent doors, jf82's ghost, novice HOMo
D:10 1 runed translucent door, Syucy's ghost, journeyman OpBe


Innate Abilities, Weirdness & Mutations

Your experience applies equally to all skills.
You have very sharp teeth.
Your uncanny sense of smell can sniff out nearby items.


Message History

The five-headed hydra is severely wounded.
The five-headed hydra barely misses you.
The five-headed hydra bites you!
* * * LOW HITPOINT WARNING * * *
The five-headed hydra barely misses you.
The five-headed hydra bites you but does no damage.
The five-headed hydra misses you.
You puncture the five-headed hydra!
The five-headed hydra is almost dead.
The five-headed hydra bites you!
* * * LOW HITPOINT WARNING * * *
The five-headed hydra bites you but does no damage.
The five-headed hydra barely misses you.
The five-headed hydra bites you.
* * * LOW HITPOINT WARNING * * *
The five-headed hydra barely misses you.
The five-headed hydra bites you but does no damage. x2
The five-headed hydra barely misses you.
The five-headed hydra bites you!
You die...

∆ ∆∆
#+#######
#@D.....#
#.......#
........+
.........#
..........#
...........#
#+###########


You could see a five-headed hydra.

Vanquished Creatures
  Josephine (D:9)
  Harold (D:8)
  A centaur warrior (D:10)
  A two-headed ogre (D:8)
  A komodo dragon (D:10)
  2 trolls
  Grinder (D:6)
  A hippogriff (D:7)
  2 humans (D:9)
  6 wraiths (D:10)
  A steam dragon (D:10)
  A wyvern (D:10)
  Menkaure (D:7)
  A warg (D:9)
  An acid dragon (D:9)
  A water moccasin (D:9)
  2 ice beasts
  An orc warrior (D:9)
  A black bear (D:9)
  2 necrophages
  2 phantoms
  3 sky beasts
  2 eyes of draining (D:8)
  6 ogres
  A centaur (D:9)
  2 big kobolds (D:9)
  2 crocodiles (D:10)
  5 bullfrogs
  A gnoll sergeant (D:10)
  5 scorpions
  5 wights (D:6)
  5 crimson imps
  2 howler monkeys
  A quasit (D:9)
  4 orc priests
  10 orc wizards
  2 hounds
  A jelly (D:10)
  2 centaur skeletons
  Terence (D:3)
  Jessica (D:2)
  A bullfrog skeleton (D:8)
  5 iguanas
  7 worker ants
  2 hound skeletons
  2 worker ant zombies
  Robin (D:2)
  4 gnolls
  16 adders
  A shadow imp (D:9)
  An ooze (D:1)
  2 dart slugs
  7 leopard geckos
  32 orcs
  2 bats (D:1)
  9 giant cockroaches
  15 goblins
  11 hobgoblins
  7 jackals
  16 kobolds
  7 quokkas
  3 ball pythons
  4 frilled lizards
  A jackal zombie (D:5)
  A leopard gecko skeleton (D:8)
  8 rats
257 creatures vanquished.

Notes
Turn   | Place    | Note
-------+----------+-------------------------------------------
     0 | D:1      | Kagalorn the Gnoll Wanderer began the quest for the Orb.
     0 | D:1      | Kagalorn set off with the following items: a +0 shortbow, a
                  | potion of lignification, a +2 scale mail, 26 arrows, a
                  | ration
     0 | D:1      | Reached XP level 1. HP: 26/26 MP: 1/1
   108 | D:1      | Reached XP level 2. HP: 31/33 MP: 2/2
   334 | D:1      | Reached XP level 3. HP: 38/38 MP: 3/3
   852 | D:1      | Reached skill level 1 in Invocations
  1050 | D:2      | Noticed Jessica
  1059 | D:2      | Reached skill level 1 in Short Blades
  1059 | D:2      | Reached skill level 1 in Long Blades
  1059 | D:2      | Reached skill level 1 in Axes
  1059 | D:2      | Reached skill level 1 in Maces & Flails
  1059 | D:2      | Reached skill level 1 in Polearms
  1059 | D:2      | Reached skill level 1 in Staves
  1059 | D:2      | Reached skill level 1 in Slings
  1059 | D:2      | Reached skill level 1 in Crossbows
  1059 | D:2      | Reached skill level 1 in Dodging
  1059 | D:2      | Reached skill level 1 in Shields
  1059 | D:2      | Reached skill level 1 in Unarmed Combat
  1059 | D:2      | Reached skill level 1 in Spellcasting
  1059 | D:2      | Reached skill level 1 in Evocations
  1072 | D:2      | Reached XP level 4. HP: 10/45 MP: 5/5
  1079 | D:2      | Killed Jessica
  1347 | D:2      | Reached skill level 1 in Conjurations
  1347 | D:2      | Reached skill level 1 in Hexes
  1347 | D:2      | Reached skill level 1 in Charms
  1347 | D:2      | Reached skill level 1 in Summonings
  1347 | D:2      | Reached skill level 1 in Necromancy
  1347 | D:2      | Reached skill level 1 in Translocations
  1347 | D:2      | Reached skill level 1 in Transmutations
  1347 | D:2      | Reached skill level 1 in Fire Magic
  1347 | D:2      | Reached skill level 1 in Ice Magic
  1347 | D:2      | Reached skill level 1 in Air Magic
  1347 | D:2      | Reached skill level 1 in Earth Magic
  1347 | D:2      | Reached skill level 1 in Poison Magic
  1373 | D:2      | Noticed Robin
  1492 | D:2      | Killed Robin
  1492 | D:2      | Reached XP level 5. HP: 44/51 MP: 6/6
  2421 | D:3      | Noticed Terence
  2440 | D:3      | Killed Terence
  2663 | D:4      | Reached XP level 6. HP: 55/57 MP: 8/8
  3430 | D:4      | Found a shimmering blue altar of Sif Muna.
  3467 | D:5      | Entered Level 5 of the Dungeon
  3547 | D:5      | Reached XP level 7. HP: 57/63 MP: 10/10
  3979 | D:5      | Reached skill level 9 in Fighting
  4006 | D:5      | Found Pimnuw Pora's Assorted Antiques.
  4012 | D:5      | Bought a coppery potion for 23 gold pieces
  4012 | D:5      | Bought a scroll labeled NUIDWU VEITA for 26 gold pieces
  4012 | D:5      | Bought a grey potion for 23 gold pieces
  4091 | D:5      | Found a runed translucent door.
  4092 | D:5      | Noticed Xye's ghost (novice GrEE)
  4191 | D:6      | Found a snail-covered altar of Cheibriados.
  4265 | D:6      | Noticed Grinder
  4267 | D:6      | Paralysed by Grinder for 2 turns
  4286 | D:6      | Killed Grinder
  4286 | D:6      | Reached XP level 8. HP: 71/71 MP: 12/12
  4422 | D:6      | Found a staircase to the Ecumenical Temple.
  4491 | Temple   | Entered the Ecumenical Temple
  4718 | Temple   | Became a worshipper of Ashenzari the Shackled
  5263 | D:7      | Got the battleaxe of Gehenna {chop, rF+}
  5264 | D:7      | Identified the +9 battleaxe of Gehenna {chop, rF+} (You
                  | found it on level 7 of the Dungeon)
  5299 | D:7      | Noticed a hippogriff
  5309 | D:7      | Killed a hippogriff
  5309 | D:7      | Reached XP level 9. HP: 69/76 MP: 14/14
  5422 | D:7      | Found Vodui's Jewellery Shop.
  5459 | D:7      | Got the uncursed leather armour "Yreh" {rC+ rN+ rCorr
                  | Stlth+}
  5470 | D:7      | Identified the +3 leather armour "Yreh" {rC+ rN+ rCorr
                  | Stlth+} (You found it on level 7 of the Dungeon)
  5520 | D:7      | Noticed Menkaure
  5523 | D:7      | Killed Menkaure
  5986 | D:7      | Found Feont's Weapon Shop.
  6008 | D:7      | Got the uncursed chain mail "Umomeluol" {rC+}
  6019 | D:7      | Identified the +1 chain mail "Umomeluol" {rC+} (You found
                  | it on level 7 of the Dungeon)
  6047 | D:7      | Found a runed translucent gate.
  6048 | D:7      | Found a runed translucent gate.
  6048 | D:7      | Found a runed translucent gate.
  6050 | D:7      | Noticed jf82's ghost (novice HOMo)
  6081 | D:7      | Found a sparkling altar of Nemelex Xobeh.
  6087 | D:7      | Found a roughly hewn altar of Beogh.
  6253 | D:8      | Found a bloodstained altar of Trog.
  6259 | D:8      | Reached skill level 5 in Bows
  6259 | D:8      | Reached skill level 5 in Throwing
  6293 | D:8      | Noticed a two-headed ogre
  6300 | D:8      | Killed a two-headed ogre
  6300 | D:8      | Reached skill level 5 in Stealth
  6300 | D:8      | Reached skill level 5 in Invocations
  6325 | D:8      | Reached XP level 10. HP: 72/84 MP: 9/17
  6397 | D:8      | Found Voisch's Assorted Antiques.
  6417 | D:8      | Bought a scroll labeled XAITUI KUMIUPU for 24 gold pieces
  6439 | D:8      | Reached * piety under Ashenzari
  6794 | D:9      | Noticed Harold
  6828 | D:8      | Killed Harold
  6828 | D:8      | Reached skill level 5 in Short Blades
  6828 | D:8      | Reached skill level 5 in Long Blades
  6828 | D:8      | Reached skill level 5 in Axes
  6828 | D:8      | Reached skill level 5 in Maces & Flails
  6828 | D:8      | Reached skill level 5 in Polearms
  6828 | D:8      | Reached skill level 5 in Staves
  6828 | D:8      | Reached skill level 5 in Slings
  6828 | D:8      | Reached skill level 5 in Crossbows
  6828 | D:8      | Reached skill level 5 in Dodging
  6828 | D:8      | Reached skill level 5 in Shields
  6828 | D:8      | Reached skill level 5 in Unarmed Combat
  6828 | D:8      | Reached skill level 5 in Spellcasting
  6828 | D:8      | Reached skill level 5 in Evocations
  6947 | D:9      | Reached skill level 10 in Fighting
  7500 | D:9      | Found an iron altar of Okawaru.
  7598 | D:9      | Found a staircase to the Orcish Mines.
  8019 | D:10     | Entered Level 10 of the Dungeon
  8229 | D:10     | Reached XP level 11. HP: 79/91 MP: 19/19
  8326 | D:10     | Noticed Josephine
  8414 | D:9      | Killed Josephine
  8414 | D:9      | Reached skill level 5 in Conjurations
  8414 | D:9      | Reached skill level 5 in Hexes
  8414 | D:9      | Reached skill level 5 in Charms
  8414 | D:9      | Reached skill level 5 in Summonings
  8414 | D:9      | Reached skill level 5 in Necromancy
  8414 | D:9      | Reached skill level 5 in Translocations
  8414 | D:9      | Reached skill level 5 in Transmutations
  8414 | D:9      | Reached skill level 5 in Fire Magic
  8414 | D:9      | Reached skill level 5 in Ice Magic
  8414 | D:9      | Reached skill level 5 in Air Magic
  8414 | D:9      | Reached skill level 5 in Earth Magic
  8414 | D:9      | Reached skill level 5 in Poison Magic
  8613 | D:10     | Noticed a centaur warrior
  8621 | D:10     | Killed a centaur warrior
  8753 | D:10     | Found a runed translucent door.
  8754 | D:10     | Noticed a frost giant
  8755 | D:10     | Noticed Syucy's ghost (journeyman OpBe)
  8761 | D:10     | Found Faloepug's Antique Weapon Emporium.
  8903 | D:10     | Found a staircase to the Lair.
  9089 | D:11     | Noticed a five-headed hydra
  9099 | D:11     | Slain by a five-headed hydra

Levels and vault maps discovered:
D:1:      minmay_arrival_glassed_features, layout_loops_corners
D:2:      layout_loops_corners, patterned_corridor, uniq_robin, uniq_jessica
D:3:      layout_rooms, first_ration, uniq_terence
D:4:      layout_rooms, lemuel_blue_sif_altar
D:5:      layout_loops_cross, gammafunk_ghost_grave, serial_shops,
          nicolae_shop_overgrown_old_shop, serial_glass, glass_columns_a,
          glass_columns_a
D:6:      layout_basic, kennysheep_slug_shrine, minmay_temple_entry_wispy,
          uniq_grinder
D:7:      layout_basic, kennysheep_mini_moat, serial_shops, shop,
          nicolae_shop_waterfront, biasface_ghost_orc_armoury, uniq_menkaure
D:8:      layout_cave_pools, trog_eyes_of_draining, serial_shops, shop
D:9:      layout_loops_ring, erik_orc_4, okawaru_humans, uniq_harold
D:10:     layout_loops_ring, erik_lair_dragon, ebering_ghost_inner_flame,
          serial_shops, nicolae_shop_waterfront, uniq_josephine
D:11:     layout_stronghold, hangedman_ranch [blue_anna_fruit_fields]
Temple:   dpeg_five_rooms_temple

Skill      XL: |  1  2  3  4  5  6  7  8  9 10 11 |
---------------+----------------------------------+-----
Invocations    | 1 2 3 4 5 6 |  6.9
Short Blades   | 1 2 3 4 5 6 |  6.3
Long Blades    | 1 2 3 4 5 6 |  6.3
Axes           | 1 2 3 4 5 6 |  6.3
Maces & Flails | 1 2 3 4 5 6 |  6.3
Polearms       | 1 2 3 4 5 6 |  6.3
Staves         | 1 2 3 4 5 6 |  6.3
Slings         | 1 2 3 4 5 6 |  6.3
Crossbows      | 1 2 3 4 5 6 |  6.3
Dodging        | 1 2 3 4 5 6 |  6.3
Shields        | 1 2 3 4 5 6 |  6.3
Unarmed Combat | 1 2 3 4 5 6 |  6.3
Spellcasting   | 1 2 3 4 5 6 |  6.3
Evocations     | 1 2 3 4 5 6 |  6.3
Conjurations   | 1 2 3 4 5 |  5.2
Hexes          | 1 2 3 4 5 |  5.2
Charms         | 1 2 3 4 5 |  5.2
Summonings     | 1 2 3 4 5 |  5.2
Necromancy     | 1 2 3 4 5 |  5.2
Translocations | 1 2 3 4 5 |  5.2
Transmutations | 1 2 3 4 5 |  5.2
Fire Magic     | 1 2 3 4 5 |  5.2
Ice Magic      | 1 2 3 4 5 |  5.2
Air Magic      | 1 2 3 4 5 |  5.2
Earth Magic    | 1 2 3 4 5 |  5.2
Poison Magic   | 1 2 3 4 5 |  5.2
Bows           | 3 4 5 6 |  6.9
Throwing       | 3 4 5 6 |  6.9
Stealth        | 3 4 5 6 |  6.8
Armour         | 7 8 9 |  9.2
Fighting       | 9 10 | 10.5

Action                   |  1- 3 |  4- 6 |  7- 9 | 10-12 || total
-------------------------+-------+-------+-------+-------++-------
Melee: Unarmed           |   208 |       |       |       ||   208
       Bite              |    29 |    21 |    26 |    20 ||    96
       Hand axe          |    13 |   135 |       |       ||   148
       Punch             |       |     2 |       |     1 ||     3
       Morningstar       |       |    51 |   123 |     8 ||   182
       Battleaxe         |       |       |    49 |   219 ||   268
 Fire: Shortbow          |     3 |     8 |     4 |       ||    15
Invok: Curse Item        |       |       |     2 |     2 ||     4
Evoke: Wand              |       |       |     2 |       ||     2
  Use: Scroll            |       |     4 |     4 |     8 ||    16
 Stab: Paralysed         |       |       |     4 |       ||     4
  Eat: Chunk             |     1 |     8 |     6 |     5 ||    20
       Ration            |       |       |     1 |     1 ||     2
Armor: Scale mail        |   107 |   115 |   101 |       ||   323
       Chain mail        |       |       |     2 |   158 ||   160
Dodge: Dodged            |   118 |   101 |   109 |   140 ||   468
